 Dungeon Crawl Stone Soup version 0.16.0-17-g811c1d7 (webtiles) character file.

65 maniek23 the Sneak (level 3, -7/25 HPs)
             Began as a Vampire Enchanter on Mar 21, 2015.
             Mangled by an ogre
             ... wielding a +0 giant club
              (20 damage)
             ... on level 3 of the Dungeon.
             The game lasted 00:03:37 (2012 turns).

maniek23 the Sneak (Vampire Enchanter)              Turns: 2012, Time: 00:03:37

Health: -7/25      AC:  4    Str:  7    XL:     3   Next: 92%
Magic:  2/6        EV: 13    Int: 18    God:
Gold:   120        SH:  0    Dex: 14    Spells: 2 memorised, 3 levels left

rFire  . . .     SeeInvis +     l - +2 dagger (speed)
rCold  . . .     Clarity  .     b - +1 robe
rNeg   + . .     SustAb   .     (no shield)
rPois  .         Gourm    .     (no helmet)
rElec  .         Spirit   .     p - +0 cloak
rCorr  .         Warding  .     (no gloves)
rMut   .         Stasis   .     (no boots)
MR     .....                    (no amulet)
Stlth  +++.......               (no ring)
                                (no ring)

@: not resistant to hostile enchantments, fairly stealthy
A: bottle blood, fangs 3, see invisible, unbreathing
a: Bat Form


You were on level 3 of the Dungeon.
You were not thirsty.

You visited 1 branch of the dungeon, and saw 3 of its levels.

You collected 120 gold pieces.

Inventory:

Hand weapons
 a - a +1 dagger
 l - a +2 dagger of speed (weapon)
Armour
 b - a +1 robe (worn)
 p - a +0 cloak (worn)
Scrolls
 e - 2 scrolls of fear {unknown}
 f - 2 scrolls of immolation {unknown}
 g - a scroll of identify {unknown}
 h - 2 scrolls of teleportation {unknown}
 j - a scroll of enchant weapon {unknown}
 o - a scroll of magic mapping {unknown}
Potions
 d - 10 potions of blood
 i - a potion of restore abilities {unknown}
 k - a potion of agility {unknown}
 m - a potion of decay {unknown}
 n - a potion of haste {unknown}
Books
 c - a book of Maledictions

   Spells                             Type                      Level
   a - Corona                         Hexes                        1
   b - Sure Blade                     Hexes/Charms                 2
   c - Ensorcelled Hibernation        Hexes/Ice                    2
   d - Confuse                        Hexes                        3
   e - Dazzling Spray                 Conjuration/Hexes            3
   f - Enslavement                    Hexes                        4


   Skills:
 + Level 0.5 Fighting
 + Level 1.3 Short Blades
 + Level 3.1 Dodging
 + Level 5.3 Stealth
 + Level 2.1 Spellcasting
 + Level 5.2 Hexes


You had 3 spell levels left.
You knew the following spells:

 Your Spells              Type           Power        Failure   Level  Hunger
a - Corona                Hex            ###....      1%          1    #......
b - Ensorcelled Hibernat  Hex/Ice        ##....       12%         2    ###....


Dungeon Overview and Level Annotations

Branches:
Dungeon (3/15)

Altars:


Innate Abilities, Weirdness & Mutations

You can bottle blood from corpses.
You have razor-sharp teeth.
You have supernaturally acute eyesight.
You can survive without breathing.


Message History

Magic restored.
You start resting.
You start resting.
HP restored.
You climb downwards.
The ogre hits you with a giant club!
There is a stone staircase leading up here.
Casting: Ensorcelled Hibernation
Confirm with . or Enter, or press ? or * to list all spells.
Aiming: Ensorcelled Hibernation
Press: ? - help, Shift-Dir - straight line, f - ogre
Aim: an ogre, wielding a giant club (chance 42%)
The ogre resists with some effort.
Casting: Ensorcelled Hibernation
Confirm with . or Enter, or press ? or * to list all spells.
Aiming: Ensorcelled Hibernation
Press: ? - help, Shift-Dir - straight line, f/p - ogre
Aim: an ogre, wielding a giant club (chance 42%)
The ogre resists with some effort.
The ogre hits you with a giant club!!
Ouch! That really hurt!
You die...

#.. ... .... #.# #.. .(.#
#.# #.# ...# #.# #.# ...#
#.# #.##### ...# #.#
#.....# ...#
######.####.....##...#
###.....O..............#
........@.........#....#
.##.#.#######.....#.#!...
#######...### #####


You could see an ogre.

Vanquished Creatures
  An adder (D:2)
  3 worms (D:2)
  A giant gecko (D:2)
  6 bats
  A giant cockroach (D:1)
  5 goblins
  3 hobgoblins
  3 jackals (D:3)
  5 kobolds
  A quokka (D:2)
  2 giant newts
  6 rats (D:1)
37 creatures vanquished.

Notes
Turn   | Place    | Note
--------------------------------------------------------------
     0 | D:1      | maniek23, the Vampire Enchanter, began the quest for the Orb.
     0 | D:1      | Reached XP level 1. HP: 13/13 MP: 3/3
   262 | D:1      | Reached XP level 2. HP: 19/19 MP: 4/4
   271 | D:1      | Learned a level 2 spell: Ensorcelled Hibernation
   431 | D:1      | Reached skill level 5 in Stealth
   449 | D:1      | Reached skill level 5 in Hexes
   963 | D:2      | Reached XP level 3. HP: 25/25 MP: 0/6
  1780 | D:3      | Noticed an ogre
  2012 | D:3      | Mangled by an ogre

Action                   || total
-------------------------++-------
Melee: Dagger            ||   105
 Cast: Ensorcelled Hiber ||     9
 Stab: Sleeping          ||    10
  Eat: Corpse            ||     5
